 Dungeon Crawl Stone Soup version 0.19.5 (webtiles) character file.

29 QuCean the Charlatan (level 3, 0/26 HPs)
             Began as a Demonspawn Artificer on May 5, 2017.
             Killed from afar by a dart slug (5 damage)
             ... with a slug dart
             ... on level 1 of the Dungeon.
             The game lasted 00:06:19 (1147 turns).

QuCean the Charlatan (Demonspawn Artificer)         Turns: 1147, Time: 00:06:20

Health: 0/26       AC:  3    Str: 12    XL:     3   Next: 1%
Magic:  5/5        EV: 11    Int: 13    God:
Gold:   18         SH:  3    Dex: 13    Spells: 0 memorised, 2 levels left

rFire  . . .     SeeInvis .     a - +0 short sword
rCold  . . .     Gourm    .     b - +0 leather armour
rNeg   . . .     Faith    .     (no shield)
rPois  .         Spirit   .     (no helmet)
rElec  .         Reflect  +     (no cloak)
rCorr  .         Harm     .     (no gloves)
MR     .....                    (no boots)
Stlth  +.........               i - +3 amulet of reflection
                                (no ring)
                                (no ring)

@: heavily drained
A: talons 1, spiny 1
a: no special abilities


You were on level 1 of the Dungeon.
You were hungry.

You visited 1 branch of the dungeon, and saw 1 of its levels.

You collected 18 gold pieces.

Inventory:

Hand Weapons
 a - a +0 short sword (weapon)
Armour
 b - a +0 leather armour (worn)
Jewellery
 i - a +3 amulet of reflection (around neck)
 o - an uncursed amulet of harm
Wands
 c - a wand of flame (10/48)
 d - a wand of enslavement (10/24)
 e - a wand of random effects (15/48)
Scrolls
 h - a scroll of identify {unknown}
 j - a scroll of random uselessness {unknown}
 l - a scroll of fog {unknown}
Potions
 k - a potion of haste {unknown}
 n - 2 potions of agility {unknown}
Comestibles
 f - 2 bread rations
 g - a royal jelly
 m - a meat ration


   Skills:
 + Level 1.1(0.0) Fighting
 + Level 1.1(0.0) Short Blades
 + Level 0.6(0.0) Armour
 + Level 2.0(0.4) Dodging
 + Level 1.2(0.0) Stealth
 + Level 3.5(1.9) Evocations


You had 2 spell levels left.
You didn't know any spells.

Dungeon Overview and Level Annotations

Branches:
Dungeon (1/15)

Altars:


Innate Abilities, Weirdness & Mutations

You have sharp toenails.
You are partially covered in sharp spines.


Message History

* * * LOW HITPOINT WARNING * * *
A dart slug comes into view.
You hit the hobgoblin.
You kill the hobgoblin!
You have reached level 3!
Your experience leads to an increase in your attributes!
Increase (S)trength, (I)ntelligence, or (D)exterity?
You feel clever.
Your demonic ancestry asserts itself...
Sharp spines emerge from parts of your body.
The rat bites you.
* * * LOW HITPOINT WARNING * * *
Zapping:
c - a wand of flame (11/48)
Press: ? - help, Shift-Dir - straight line, f - rat
Aim: a rat The puff of flame hits the rat.
You kill the rat!
This wand has 10 charges left.
The dart slug launches a dart at you. The slug dart hits you!
You die...

.#######...##.#.#
#......# #.#
.......+.#.##.###
######.###.#
###.######.##.####
#.....#
###.######.......#
#######.#
.....+...........#
#.......#
.######..#######.#
#.#######
......##.# #.# #.#
.#######.#
#####.######.#####
.# #.#
#.w..@...).......#
.# #.#
#.##.#############
'# #.# #. .# #.#
#. .# ##.# #.
.######..# #.
....#...## #.
###...### #. #####


You could see a dart slug.

Vanquished Creatures
  An ooze (D:1)
  3 bats (D:1)
  2 giant cockroaches (D:1)
  A goblin (D:1)
  3 hobgoblins (D:1)
  2 jackals (D:1)
  3 kobolds (D:1)
  4 rats (D:1)
19 creatures vanquished.

Vanquished Creatures (collateral kills)
  2 goblins (D:1)
  A kobold (D:1)
  A rat (D:1)
4 creatures vanquished.

Vanquished Creatures (others)
  2 jackals (D:1)
2 creatures vanquished.

Grand Total: 25 creatures vanquished

Notes
Turn   | Place    | Note
-------+----------+-------------------------------------------
     0 | D:1      | QuCean the Demonspawn Artificer began the quest for the Orb.
     0 | D:1      | Reached XP level 1. HP: 15/15 MP: 3/3
    39 | D:1      | Reached skill level 1 in Short Blades
    57 | D:1      | Gained mutation: You have sharp toenails. [demonic ancestry]
    57 | D:1      | Reached XP level 2. HP: 5/21 MP: 4/4
   350 | D:1      | Reached skill level 1 in Stealth
  1146 | D:1      | Gained mutation: You are partially covered in sharp spines. [demonic ancestry]
  1146 | D:1      | Reached XP level 3. HP: 5/26 MP: 5/5
  1147 | D:1      | Killed from afar by a dart slug

Skill      XL: |  1  2 |
---------------+-------+-----
Short Blades   | 1 |  1.1
Stealth        | 1 |  1.2
Dodging        | 2 |  2.0
Fighting       | |  1.1
Armour         | |  0.6
Evocations     | |  3.5

Action                   || total
-------------------------++-------
Melee: Short sword       ||   110
       Kick              ||    16
Evoke: Wand              ||    10
Armor: Leather armour    ||    42
Dodge: Dodged            ||   102
Block: Other             ||     3
